Map: Ley Lines

Players

LiquidClem (Clem) - Winner!

  • Race: Terran Terran
  • League: Master
  • Spawn Location: 7:00

Mute

  • Race: Protoss Protoss
  • League: Master
  • Spawn Location: 1:00

VOD

Have the link to the VOD?

Description

Time

  • Played on: May 27, 2025, 8:12 p.m.
  • Length: 8:02
Show
View Real Time Build Order
Export as new Build Order

LiquidClem Terran - Winner!

Build Orders:  

Get SALT Encoding   

  12  0:03  SCV  
  13  0:15  SCV  
  13  0:18  Supply Depot  
  14  0:28  SCV  
  15  0:32  Refinery  
  15  0:40  SCV  
  16  0:45  Barracks  
  16  0:52  SCV  
  18  1:04  SCV  
  18  1:16  SCV, Engineering Bay  
  19  1:34  Orbital Command, Marine  
  19  1:38  Factory  
  20  1:42  Supply Depot  
  20  1:53  Barracks Reactor  
  20  2:00  SCV  
  21  2:12  SCV  
  22  2:18  Command Center  
  23  2:31  Starport  
  23  2:34  Hellion  
  23  2:36  Hellion  
  26  2:39  Marine  
  27  2:45  Supply Depot  
  27  2:48  SCV  
  28  2:56  Hellion  
  30  3:01  SCV  
  30  3:04  Barracks Tech Lab  
  30  3:07  Hellion  
  32  3:14  Medivac  
  32  3:15  Refinery  
  32  3:19  SCV  
  35  3:30  Orbital Command  
  35  3:31  SCV  
  36  3:38  Marine x2  
  38  3:43  SCV  
  38  3:44  Barracks  
  39  3:51  Siege Tank  
  42  3:56  Marine x2  
  42  4:00  SCV  
  42  4:01  SCV  
  46  4:07  Supply Depot  
  46  4:12  SCV  
  46  4:13  SCV  
  46  4:14  Marine  
  49  4:18  Barracks  
  49  4:25  SCV  
  49  4:29  Marine  
  49  4:30  Siege Tank  
  54  4:32  SCV  
  54  4:37  SCV  
  50  4:38  Marine  
  50  4:39  Barracks Tech Lab  
  50  4:42  Supply Depot  
  50  4:44  Bunker, SCV  
  50  4:49  Marine  
  50  4:50  SCV  
  52  4:56  SCV  
  52  4:57  Marine  
  52  4:58  Stimpack  
  52  4:59  Marine  
  55  5:03  SCV  
  56  5:07  Starport Reactor, Marine  
  56  5:08  SCV  
  56  5:13  Supply Depot  
  58  5:14  Combat Shield  
  58  5:15  SCV  
  58  5:16  Marine x3  
  58  5:20  SCV  
  58  5:21  Refinery  
  63  5:23  Engineering Bay  
  63  5:27  SCV, Marine  
  65  5:32  SCV  
  65  5:34  Marauder  
  65  5:35  Factory Reactor  
  64  5:39  SCV  
  64  5:40  Refinery  
  65  5:44  SCV, Supply Depot  
  65  5:45  Marauder  
  65  5:46  Marine  
  69  5:50  Terran Infantry Weapons Level 1, Marine  
  69  5:51  SCV  
  69  5:56  SCV  
  72  5:58  Marauder  
  72  6:00  Medivac  
  72  6:03  SCV  
  73  6:04  Marine  
  73  6:05  Supply Depot  
  73  6:07  Marine  
  73  6:08  Marine  
  73  6:10  Medivac  
  80  6:18  Widow Mine  
  80  6:19  Marauder, Widow Mine  
  80  6:22  Marine  
  80  6:23  Supply Depot  
  85  6:25  Marine  
  85  6:27  Marauder  
  87  6:34  Supply Depot, Medivac  
  87  6:40  Marine  
  87  6:41  Marauder, Widow Mine x2  
  87  6:44  Marine  
  87  6:45  Supply Depot  
  87  6:46  Medivac  
  97  6:50  Marauder  
  96  6:58  Marine  
  96  7:02  Marauder, Widow Mine, Marine  
  99  7:12  Marauder  
  99  7:15  Marine, Medivac  
  101  7:20  Marine  
  101  7:24  Widow Mine  
  101  7:27  Supply Depot, Medivac  
  101  7:28  Bunker, Marauder  
  106  7:33  Marine  
  107  7:39  Marauder  
Show
View Real Time Build Order
Export as new Build Order

Mute Protoss 

Build Orders: Blink Stalkers 

Get SALT Encoding   

  12  0:00  Probe  
  13  0:12  Probe  
  14  0:18  Pylon  
  14  0:23  Probe  
  15  0:32  Probe  
  15  0:37  Gateway  
  15  0:40  Probe  
  16  0:46  Assimilator  
  17  0:51  Probe  
  18  1:03  Probe  
  19  1:15  Probe  
  20  1:27  Probe  
  20  1:28  Cybernetics Core  
  20  1:31  Pylon  
  21  1:52  Nexus  
  20  1:55  Probe  
  20  1:56  Adept  
  21  2:02  Assimilator  
  21  2:03  Warp Gate  
  23  2:10  Probe  
  24  2:23  Probe, Stalker  
  27  2:35  Probe  
  28  2:37  Twilight Council  
  28  2:47  Probe  
  29  2:52  Gateway  
  29  2:54  Blink  
  29  2:59  Probe  
  29  3:04  Stalker  
  28  3:08  Probe  
  31  3:13  Gateway  
  31  3:15  Probe  
  32  3:20  Probe  
  33  3:28  Shield Battery  
  33  3:33  Probe  
  34  3:37  Probe  
  35  3:45  Probe  
  36  3:51  Stalker x2  
  36  3:53  Shield Battery  
  40  3:58  Probe x2  
  42  4:03  Robotics Facility  
  42  4:10  Probe  
  42  4:11  Probe, Pylon  
  42  4:16  Stalker  
  46  4:27  Stalker  
  43  4:37  Probe  
  38  4:43  Stalker x2  
  43  4:46  Warp Prism  
  44  4:53  Probe  
  44  4:55  Probe  
  48  5:15  Stalker x3  
  48  5:20  Pylon  
  44  5:37  Probe  
  44  5:39  Probe  
  44  5:41  Stalker x3  
  52  5:49  Probe  
  53  5:51  Probe  
  54  6:01  Probe  
  53  6:05  Stalker x2  
  53  6:06  Stalker  
  59  6:13  Pylon  
  59  6:14  Probe  
  59  6:15  Probe  
  61  6:26  Probe  
  60  6:33  Probe  
  60  6:38  Probe  
  60  6:41  Assimilator  
  60  6:42  Stalker x3  
  60  6:43  Observer  
  60  6:45  Assimilator  
  60  6:46  Probe  
  68  6:53  Probe  
  69  7:12  Pylon  
  69  7:13  Pylon  
  65  7:23  Stalker x2  
  65  7:27  Pylon  
Tags
 
Composition
Blink Stalkers
Matchup
PvT
Player
Clem
Spawn Locations
Cross Positions
Add a new tag
Caveats
  • Supply blocks, unpowered buildings, or Contaminate may cause inaccurate times.
  • Supply counts are checked every 10 seconds.